 Dungeon Crawl Stone Soup version 0.29.1-1-gd02db6906a (webtiles) character file.

Game seed: 4224849544537171574

15 hawla the Firebug (level 2, 0/12 (20) HPs)
             Began as a Meteoran Fire Elementalist on Oct 18, 2022.
             Slain by Natasha (4 damage)
             ... on level 2 of the Dungeon.
             The game lasted 00:02:22 (648 turns).

hawla the Firebug (Meteoran Fire Elementalist)       Turns: 648, Time: 00:02:22

HP:   0/12 (20)     AC:  2    Str:  9    XL:     2   Next: 88%
MP:   6/6           EV: 12    Int: 16    God:
Gold: 59            SH:  0    Dex: 14    Spells: 3/6 levels left

rFire   . . .      SeeInvis .   (no weapon)
rCold   . . .      Faith    .   e - orb {*channel}
rNeg    . . .      Spirit   .   a - +0 robe
rPois   .          Reflect  .   (no helmet)
rElec   .          Harm     .   (no cloak)
rCorr   .          Rampage  .   (no gloves)
Will    .....                   (no boots)
Stlth   +.........              (no amulet)
HPRegen 0.04/turn               (no ring)
MPRegen 0.10/turn               (no ring)

@: confused, ambrosia-drunk, glowing, very heavily drained
A: sense surroundings 1, otherworldly, glowing, explore regen
a: no special abilities


You were on level 2 of the Dungeon.
You visited 1 branch of the dungeon, and saw 2 of its levels.

You collected 59 gold pieces.

Inventory:

Armour
 a - a +0 robe (worn)
 e - an orb of energy (worn)
Jewellery
 f - an amulet of the acrobat
Scrolls
 c - a scroll of teleportation {unknown}
 h - a scroll of identify {unknown}
Potions
 b - a potion of magic
 g - a potion of heal wounds {unknown}
 i - a potion of curing {unknown}
 j - a potion of haste {unknown}


   Skills:
 - Level 2.5 Dodging
 - Level 1.4 Stealth
 - Level 2.9 Spellcasting
 - Level 1.5 Conjurations
 - Level 4.0 Fire Magic
 + Level 1.0 Evocations


You had 3 spell levels left.
You knew the following spells:

 Your Spells              Type           Power      Damage    Failure   Level
a - Foxfire               Conj/Fire      44%        2x1d6     6%          1
b - Scorch                Fire           30%        2d6       5%          2

Your spell library contained the following spells:

 Spells                   Type           Power      Damage    Failure   Level
 Shock                    Conj/Air       16%        1d4       14%         1
 Conjure Flame            Conj/Fire      11%        6-21      19%         3
 Inner Flame              Hex/Fire       8%         N/A       24%         3
 Swiftness                Air            2%         N/A       50%         3
 Flame Wave               Conj/Fire      11%        2d6       52%         4
 Airstrike                Air            1%         2d(1-17)  88%         4


Dungeon Overview and Level Annotations

Branches:
Dungeon (2/15) Zot: 751

Altars:

Annotations:
D:2 Natasha


Innate Abilities, Weirdness & Mutations

You passively map a small area around you.
You are easily found by Zot.
You glow in the dark.
You regain HP and MP as you explore.


Message History

There is an open door here.
There is an open door here.
You see here a +0 robe.
Zot has nearly found you.
Suffering is approaching.
Descend or flee this branch!
(D) Dungeon
Where to? (Enter - D:2, ? - help)
What level of the Dungeon? (default 1, ? - help)
There is an open door here.
There is an open door here.
Zot's power touches on you...
You feel drained.
(D) Dungeon
Where to? (Enter - D:2, ? - help)
What level of the Dungeon? (default 1, ? - help)
There is a stone staircase leading down here.
You climb downwards.
There is a stone staircase leading up here.
Saving game... please wait.
Welcome back, hawla the Meteoran Fire Elementalist.
Press ? for a list of commands and other information.
Found a stone staircase leading down.
There is a stone staircase leading down here.
Found 6 large rocks.
You see here 6 large rocks.
An endoplasm comes into view.
The endoplasm quivers.
Natasha, Servant of Life and Death comes into view.
Natasha claws you.
Cast which spell? (? or * to list) Flames lash Natasha.
Natasha is moderately wounded.
Natasha's fire resistance burns away.
Natasha claws you.
Ouch! That really hurt!
* * * LOW HITPOINT WARNING * * *
Unknown command.
Okay, then.
It was a potion of ambrosia.
You are confused.
You feel invigorated. Natasha claws you.
You die...

....#......### *
, ,....##.###.# *
, , ### #. #.##
,* *##. #.#.## ,
,....###.#####.#.
#..# ##........ *
*
###.###.###.#...,
, #h#.## *, * *
*#@## * , * #J#
*, *#.# , , *...
,, .#., * #.*.. ,
* #.*..* * #.
#.#* **, , *


You could see Natasha (combustible) and an endoplasm.

Vanquished Creatures
  A dart slug (D:1)
  A ball python (D:1)
  2 bats (D:1)
  An endoplasm (D:1)
  A goblin (D:1)
  2 kobolds (D:1)
  2 quokkas (D:1)
10 creatures vanquished.

Vanquished Creatures (others)
  20 foxfires (D:1)
20 creatures vanquished.

Grand Total: 30 creatures vanquished

Notes
Turn   | Place    | Note
-------+----------+-------------------------------------------
     0 | D:1      | hawla the Meteoran Fire Elementalist began the quest for
                  | the Orb.
     0 | D:1      | Reached XP level 1. HP: 14/14 MP: 5/5
   147 | D:1      | Reached XP level 2. HP: 20/20 MP: 4/6
   150 | D:1      | Learned a level 2 spell: Scorch
   221 | D:1      | Reached skill level 4 in Fire Magic
   405 | D:1      | Reached skill level 1 in Evocations
   500 | D:1      | Glimpsed the power of Zot.
   550 | D:1      | Glimpsed the power of Zot.
   590 | D:1      | Glimpsed the power of Zot.
   599 | D:1      | Touched by the power of Zot.
   646 | D:2      | Noticed Natasha
   648 | D:2      | Slain by Natasha

Illustrated notes

Levels and vault maps discovered:
D:1:      minmay_arrival_loop, layout_loops_corners
D:2:      layout_loops_cross, uniq_natasha

Skill      XL: |  1  2 |
---------------+-------+-----
Fire Magic     | 4 |  4.0
Evocations     | 1 |  1.0
Dodging        | |  2.5
Stealth        | |  1.4
Spellcasting   | |  2.9
Conjurations   | |  1.5

Action                   || total
-------------------------++-------
Melee: Unarmed           ||     4
 Cast: Foxfire           ||    13
       Scorch            ||     5
  Use: Potion            ||     1
Armor: Robe              ||     1
Dodge: Dodged            ||     5
